 Dungeon Crawl Stone Soup version 0.17.1-3-g152610e (webtiles) character file.

49 GFox the Covered (level 3, -1/29 HPs)
             Began as a Minotaur Fighter on Apr 11, 2016.
             Slain by Sigmund
             ... wielding a cursed -3 scythe
              (9 damage)
             ... on level 2 of the Dungeon.
             The game lasted 00:13:49 (869 turns).

GFox the Covered (Minotaur Fighter)                  Turns: 869, Time: 00:13:49

Health: -1/29      AC:  7    Str: 21      XL:     3   Next: 51%
Magic:  2/2        EV:  7    Int:  5      God:
Gold:   51         SH:  9    Dex:  8 (9)  Spells: 0 memorised, 2 levels left

rFire  x . .     SeeInvis .     a - +1 war axe
rCold  + . .     Clarity  .     b - +0 scale mail
rNeg   . . .     SustAt   .     c - +0 shield
rPois  .         Gourm    .     (helmet restricted)
rElec  .         Spirit   .     (no cloak)
rCorr  +         Warding  .     (no gloves)
rMut   .         Stasis   .     (no boots)
MR     .....                    g - amulet of resist corrosion
Stlth  ..........               (no ring)
                                k - ring of ice (curse)

@: not resistant to hostile enchantments, extremely unstealthy
A: retaliatory headbutt, horns 2, deterioration 1, frail 1, mutation resistance
1
a: no special abilities


You were on level 2 of the Dungeon.
You were not hungry.

You visited 1 branch of the dungeon, and saw 2 of its levels.

You collected 51 gold pieces.

Inventory:

Hand Weapons
 a - a +1 war axe (weapon)
Armour
 b - a +0 scale mail (worn)
 c - a +0 shield (worn)
Jewellery
 g - an amulet of resist corrosion (around neck)
 k - a cursed ring of ice (left hand)
Scrolls
 l - a scroll of immolation
Potions
 d - a potion of might
 j - a potion of magic
Comestibles
 e - a bread ration
 f - 4 chunks of flesh
 m - a royal jelly


   Skills:
 + Level 4.1 Fighting
 + Level 2.9 Axes
 + Level 4.2 Armour
 + Level 0.9 Dodging
 + Level 4.1 Shields


You had 2 spell levels left.
You didn't know any spells.

Dungeon Overview and Level Annotations

Branches:
Dungeon (2/15)

Altars:
Makhleb
Vehumet

Annotations:
D:2 Sigmund


Innate Abilities, Weirdness & Mutations

You reflexively headbutt those who attack you in melee.
You have a pair of horns on your head.
Your body sometimes deteriorates upon taking damage.
You are frail (-10% HP).
You are somewhat resistant to further mutation.


Message History

Something tries to affect you, but you resist.
Read which item? (? for menu, Esc to quit)
As you read the scroll labeled PAVVOQ LEBRIZE, it crumbles to dust.
It is a scroll of identify.
Identify which item? (\ to view known items) (? for menu, Esc to quit)
l - a scroll of immolation You hear some strange, mumbled words.
Something tries to affect you, but you resist.
Something hits you! Something hits you.
You closely miss something. Your headbutt misses something. Something hits you.
Your body deteriorates!
You feel clumsy.
You hit something. Something hits you.
* * * LOW HITPOINT WARNING * * *
You barely miss something. Your headbutt misses something.
Something hits you but does no damage.
Unknown command.
You hit something. Something hits you but does no damage.
You miss something. You headbutt something. Something hits you!
You die...

######## #......#
######......#
##...##......#
#............#
#....##......#
..#.#....##......########
#........@{...............
#..#.#....##.#####........
# # #....##.# #........
......##.# #........
#########.# #........
.....#####........
..................
##...#....####.### #.
#....#.......


There were no monsters in sight!

Vanquished Creatures
  An adder (D:2)
  A giant gecko (D:1)
  3 goblins
  9 hobgoblins
  5 jackals
  3 kobolds
  6 bats
  A giant cockroach (D:2)
  A giant newt (D:1)
  4 rats
34 creatures vanquished.

Notes
Turn   | Place    | Note
--------------------------------------------------------------
     0 | D:1      | GFox the Minotaur Fighter began the quest for the Orb.
     0 | D:1      | Reached XP level 1. HP: 19/19 MP: 0/0
   117 | D:1      | Reached XP level 2. HP: 25/27 MP: 1/1
   212 | D:1      | Reached skill level 4 in Fighting
   405 | D:1      | Gained mutation: Your body sometimes deteriorates upon taking damage. [potion of mutation]
   405 | D:1      | Gained mutation: You are frail (-10% HP). [potion of mutation]
   405 | D:1      | Gained mutation: You are somewhat resistant to further mutation. [potion of mutation]
   474 | D:2      | Reached XP level 3. HP: 29/29 MP: 2/2
   798 | D:2      | Found a radiant altar of Vehumet.
   798 | D:2      | Found a burning altar of Makhleb.
   853 | D:2      | Noticed Sigmund
   869 | D:2      | Slain by Sigmund

Action                   || total
-------------------------++-------
Melee: War axe           ||    85
  Use: Potion            ||     4
       Scroll            ||     4
